 Dungeon Crawl Stone Soup version 0.29-a0-723-gce39da1c22 (webtiles) character file.

Game seed: 5490799980590099814

457 Mgcat the Trooper (level 7, 0/74 HPs)
             Began as an Ogre Fighter on June 28, 2022.
             Slain by a black bear (3 damage)
             ... on level 5 of the Dungeon.
             The game lasted 00:06:02 (5113 turns).

Mgcat the Trooper (Ogre Fighter)                    Turns: 5113, Time: 00:06:03

Health: 0/74       AC:  3    Str: 23    XL:     7   Next: 6%
Magic:  7/7        EV: 10    Int:  9    God:
Gold:   236        SH:  0    Dex:  8    Spells: 6/6 levels left

rFire   . . .      SeeInvis .   a - +0 war axe
rCold   . . .      Faith    +   v - orb {light}
rNeg    . . .      Spirit   .   m - +0 robe
rPois   .          Reflect  .   (helmet restricted)
rElec   .          Harm     .   (no cloak)
rCorr   .          Rampage  .   (gloves unavailable)
Will    .....                   (boots unavailable)
Stlth   +.........              u - amulet of faith {Faith, !P}
HPRegen 0.22/turn               (no ring)
MPRegen 0.10/turn               (no ring)

@: attractive, glowing
A: large, unfitting armour, tough skin 1
a: no special abilities


You were on level 5 of the Dungeon.
You visited 1 branch of the dungeon, and saw 5 of its levels.

You collected 236 gold pieces.

Inventory:

Hand Weapons
 a - a +0 war axe (weapon)
 b - a +0 sling of flaming
   (You took it off a hobgoblin on level 2 of the Dungeon)
Armour
 c - a +0 kite shield
 m - a +0 robe (worn)
 v - an orb of light (worn)
   (You found it on level 3 of the Dungeon)
Jewellery
 j - an amulet of the acrobat
   (You found it on level 1 of the Dungeon)
 u - an amulet of faith (around neck) {Faith, !P}
   (You found it on level 2 of the Dungeon)
Wands
 y - a wand of acid (11)
   (You found it on level 4 of the Dungeon)
 C - a wand of iceblast (12)
   (You found it on level 5 of the Dungeon)
Scrolls
 e - a scroll of teleportation {unknown}
 f - 9 scrolls of identify {unknown}
 k - a scroll of summoning {unknown}
 l - a scroll of amnesia {unknown}
 o - a scroll of immolation {unknown}
 p - 3 scrolls of blinking {unknown}
 r - 2 scrolls of vulnerability {unknown}
 s - a scroll of magic mapping {unknown}
 B - a scroll of enchant armour {unknown}
Potions
 g - 2 potions of attraction {!q}
 h - a potion of magic {unknown}
 i - 3 potions of haste {unknown}
 n - a potion of mutation {unknown}
 q - a potion of invisibility {unknown}
 t - a potion of degeneration {unknown}
 w - a potion of ambrosia {unknown}
 x - 2 potions of heal wounds {unknown}
 z - 2 potions of lignification {unknown}
 A - a potion of curing {unknown}


   Skills:
 + Level 5.8 Fighting
 * Level 4.9 Axes
 + Level 3.8 Dodging
 + Level 4.3 Shields


You had 6 spell levels left.
You didn't know any spells.
Your spell library contained the following spells:

 Spells                   Type           Power      Damage    Failure   Level
 Poisonous Vapours        Pois/Air       0%         N/A       52%         2
 Corpse Rot               Necr/Pois/Air  0%         N/A       99%         4


Dungeon Overview and Level Annotations

Branches:
Dungeon (5/15)
 Temple: D:4-7

Altars:

Shops:
D:1 =

Annotations:
D:3 Sigmund


Innate Abilities, Weirdness & Mutations

You are too large for most types of armour.
You have tough skin. (AC +1)


Message History

There is an open door here.
You start waiting.
An orc is nearby!
An orc comes into view. It is wielding a +0 club.
The orc completely misses you.
You barely miss the orc.
The orc shouts!
An orc wizard comes into view. It is wielding a +0 dagger.
The orc hits you with a +0 hand axe. x2
You take 6 damage, and have 68/74 hp.
Spoiler Alert: The orc wizard (wandering) might cast Slow, Confuse, Throw Flame, Throw Frost, or go Invisible!
The orc wizard shouts!
You slash the orc!
You kill the orc!
You close the door, pushing everything out of the way.
You see here a +0 leather armour.
You start resting.
Something unseen opens the door.
An orc and an iguana come into view.
The orc shouts!
The iguana hisses angrily.
The iguana moves out of view.
You see here a +0 leather armour.
Spoiler Alert: The orc wizard might cast Slow, Confuse, Throw Flame, Throw Frost, or go Invisible!
You barely miss the orc wizard.
Spoiler Alert: The orc wizard might cast Slow, Confuse, Throw Flame, Throw Frost, or go Invisible!
You completely miss the orc wizard.
The orc wizard gestures at you while chanting.
You easily resist.
Spoiler Alert: The orc wizard might cast Slow, Confuse, Throw Flame, Throw Frost, or go Invisible!
You hit the orc wizard.
The orc wizard is heavily wounded.
The orc wizard points at you and mumbles some strange words.
You are confused.
Spoiler Alert: The orc wizard might cast Slow, Confuse, Throw Flame, Throw Frost, or go Invisible!
It was a potion of attraction.
You feel attractive to monsters. The orc wizard casts a spell at you.
The magic dart hits you! The black bear barely misses you.
The black bear claws you but does no damage.
The black bear claws you.
You take 11 damage, and have 59/74 hp.
Spoiler Alert: The orc wizard might cast Slow, Confuse, Throw Flame, Throw Frost, or go Invisible!
You're too confused to move!
The black bear bites you!
The black bear claws you. x2; The orc wizard closely misses you.
You take 13 damage, and have 46/74 hp.
Spoiler Alert: The orc wizard might cast Slow, Confuse, Throw Flame, Throw Frost, or go Invisible!
The orc wizard attacks as you move away!
The orc wizard hits you but does no damage.
The orc is attracted toward you.
Spoiler Alert: The orc wizard might cast Slow, Confuse, Throw Flame, Throw Frost, or go Invisible!
You barely miss the black bear.
You hit the orc wizard but do no damage.
The black bear closely misses you. The black bear claws you.
The black bear claws you but does no damage.
The orc wizard hits you with a +0 dagger.
The orc is attracted toward you.
You take 4 damage, and have 42/74 hp.
Spoiler Alert: The orc wizard might cast Slow, Confuse, Throw Flame, Throw Frost, or go Invisible!
You barely miss the orc wizard.
The orc wizard is heavily wounded.
You hit the black bear.
You feel less confused. The black bear closely misses you.
The black bear claws you. x2
The orc wizard closely misses you.
You take 4 damage, and have 38/74 hp.
Spoiler Alert: The orc wizard might cast Slow, Confuse, Throw Flame, Throw Frost, or go Invisible!
You closely miss the orc wizard.
The orc wizard is moderately wounded.
You hit the black bear but do no damage.
The black bear bites you. The black bear completely misses you.
The black bear claws you but does no damage.
The orc wizard barely misses you. The iguana is attracted toward you.
You take 4 damage, and have 34/74 hp.
Spoiler Alert: The orc wizard might cast Slow, Confuse, Throw Flame, Throw Frost, or go Invisible!
You hit the orc wizard.
The orc wizard is heavily wounded.
You hit the orc. You completely miss the black bear. The black bear bites you!
The black bear claws you but does no damage.
The black bear claws you. The orc wizard misses you.
The orc hits you but does no damage.
The orc wizard gestures at you while chanting.
The puff of flame hits you!
* * * LOW HITPOINT WARNING * * *
The black bear bites you.
* * * LOW HITPOINT WARNING * * *
The black bear claws you.
* * * LOW HITPOINT WARNING * * *
The black bear barely misses you.
You take 26 damage, and have 8/74 hp.
MASSIVE DAMAGE!!
Spoiler Alert: The orc wizard might cast Slow, Confuse, Throw Flame, Throw Frost, or go Invisible!
You hit the orc wizard but do no damage.
The orc wizard is heavily wounded.
You hit the black bear. You hit the orc.
You kill the orc!
You barely miss the orc. The orc closely misses you.
The orc wizard hits you but does no damage.
The black bear bites you.
* * * LOW HITPOINT WARNING * * *
The black bear claws you.
You die...

.........##'##.....#....#
..#####......#######....#
..# #......#..........#
..# #......#..........#
.. #......#....#######+#
#......#....#........
#......##'###........
##......#...#........
+......#)@.#.....<..
#ooh#...o....
#.l)'........
#+###........ .....##'#
.....# . ......# ......#
.......#


You could see a black bear, an iguana, an orc wizard and an orc.

Vanquished Creatures
  An ice beast (D:5)
  A necrophage (D:4)
  A scorpion (D:4)
  A howler monkey (D:4)
  An orc priest (D:5)
  A hound (D:4)
  A gnoll shaman (D:4)
  2 adders (D:3)
  5 worms
  4 dart slugs
  8 orcs
  9 endoplasms
  A giant cockroach (D:3)
  4 goblins
  8 hobgoblins
  4 jackals
  6 quokkas
  4 ball pythons
  5 bats
  5 frilled lizards
  8 kobolds
  6 rats
86 creatures vanquished.

Notes
Turn   | Place    | Note
-------+----------+-------------------------------------------
     0 | D:1      | Mgcat the Ogre Fighter began the quest for the Orb.
     0 | D:1      | Reached XP level 1. HP: 24/24 MP: 1/1
   295 | D:1      | Reached XP level 2. HP: 32/32 MP: 2/2
   597 | D:1      | Found Zapylits's Jewellery Emporium.
   992 | D:1      | Reached XP level 3. HP: 34/39 MP: 3/3
  1430 | D:2      | Reached skill level 3 in Dodging
  2061 | D:2      | Reached skill level 3 in Axes
  2211 | D:2      | Reached XP level 4. HP: 48/49 MP: 4/4
  2798 | D:3      | Noticed Sigmund
  3621 | D:4      | Reached XP level 5. HP: 50/55 MP: 5/5
  3626 | D:4      | Reached skill level 5 in Fighting
  3870 | D:4      | Reached skill level 4 in Axes
  3986 | D:4      | Reached XP level 6. HP: 55/66 MP: 6/6
  4301 | D:4      | Reached skill level 4 in Shields
  4734 | D:5      | Entered Level 5 of the Dungeon
  5028 | D:5      | Noticed an ice beast
  5035 | D:5      | Killed an ice beast
  5036 | D:5      | Reached XP level 7. HP: 66/74 MP: 7/7
  5112 | D:5      | HP: 15/74 [orc wizard/puff of flame (8)]
  5113 | D:5      | HP: 3/74 [black bear (5)]
  5113 | D:5      | Slain by a black bear

Illustrated notes

Levels and vault maps discovered:
D:1:      shiori_arrival_maze, layout_loops_ring, serial_shops, shop
D:2:      layout_basic, minmay_cut_off
D:3:      layout_basic, grunt_decor_mini_mirrors, grunt_ministairs_8,
          serial_park_tiny_pond, chequers_serial_rivers_micro_c, minmay_cupped,
          uniq_sigmund
D:4:      minmay_skewed_foursquare, layout_basic, minmay_between
D:5:      layout_gridville, uniq_pikel

Skill      XL: |  1  2  3  4  5  6 |
---------------+-------------------+-----
Dodging        | 3 |  3.8
Axes           | 3 4 |  4.9
Fighting       | 5 |  5.8
Shields        | 4 |  4.3

Action                   |  1- 3 |  4- 6 |  7- 9 || total
-------------------------+-------+-------+-------++-------
Melee: War axe           |   117 |   121 |    10 ||   248
 Fire: Sling             |     1 |       |       ||     1
Throw: Stone             |     4 |       |       ||     4
  Use: Potion            |       |     1 |     1 ||     2
 Stab: Sleeping          |     2 |       |       ||     2
Armor: Robe              |    35 |    19 |     7 ||    61
Dodge: Dodged            |    54 |    66 |    11 ||   131
Block: Kite shield       |    37 |    12 |       ||    49

Table legend: (Time is in decaauts)
 A = Elapsed time spent in this place.
 B = Non-inter-level travel time spent in this place.
 C = Inter-level travel time spent in this place.
 D = Time resting spent in this place.
 E = Time spent auto-exploring this place.
 F = Levels seen in this place.
 G = Mean time per level.
                   A        B        C        D        E       F      G
               +--------+--------+--------+--------+--------+-----+--------+
         Total |   5221 |   5074 |    147 |   1053 |   3325 |   5 | 1044.2 |
       Dungeon |   5221 |   5074 |    147 |   1053 |   3325 |   5 | 1044.2 |
               +--------+--------+--------+--------+--------+-----+--------+

Top non-repeatable levels by time:
     D:1: 1509 daAuts
     D:4: 1365 daAuts
     D:2: 1075 daAuts
     D:3: 1067 daAuts
     D:5: 203 daAuts

Table legend:
 A = Kills in this place as a percentage of kills in entire the game.
 B = Kills by you in this place as a percentage of kills by you in the entire game.
 C = Kills by friends in this place as a percentage of kills by friends in the entire game.
 D = Other kills in this place as a percentage of other kills in the entire game.
 E = Experience gained in this place as a percentage of experience gained in the entire game.
 F = Experience gained in this place divided by the number of levels of this place that you have seen.
                   A       B       C       D       E      F
               +-------+-------+-------+-------+-------+----------------------
         Total | 100.0 | 100.0 |   N/A |   N/A | 100.0 | 131.2
       Dungeon | 100.0 | 100.0 |   N/A |   N/A | 100.0 | 131.2
               +-------+-------+-------+-------+-------+----------------------
